 Dungeon Crawl Stone Soup version 0.22.1-5-g62c59d9 (webtiles) character file.

1780 doot the Skirmisher (level 8, 0/71 HPs)
             Began as a Yellow Draconian Abyssal Knight on Jan 14, 2019.
             Was an Elder of Lugonu.
             Slain by an iguana (4 damage)
             ... on level 8 of the Dungeon.
             The game lasted 00:23:18 (7447 turns).

doot the Skirmisher (DrAK)                          Turns: 7447, Time: 00:23:20

Health: 0/71       AC:  8    Str: 12 (15) XL:     8   Next: 81%
Magic:  11/11      EV: 14    Int:  9 (12) God:    Lugonu [****..]
Gold:   377        SH:  0    Dex: 11 (13) Spells: 7/7 levels left

rFire    . . .     SeeInvis .   A - +0 hand axe "Siczuvos" {chop, rPois rN+} (curse)
rCold    . . .     Gourm    .   (no shield)
rNeg     + . .     Faith    +   (armour unavailable)
rPois    +         Spirit   .   (helmet restricted)
rElec    .         Reflect  .   s - +0 cloak
rCorr    +         Harm     .   (no gloves)
MR       +....                  w - +0 pair of boots
Stlth    ++........             e - amulet of faith
HPRegen  0.21/turn              c - ring of poison resistance
MPRegen  0.12/turn              i - ring of protection from magic

@: short of breath, flying
A: spit acid, acid resistance, unfitting armour, claws 1, talons 1,
deterioration 1, cold-blooded, AC +6
a: Breathe Acid, Depart the Abyss, Bend Space, Banish, Corrupt, Renounce
Religion


You were on level 8 of the Dungeon.
You worshipped Lugonu.
Lugonu was greatly pleased with you.
You were hungry.

You visited 2 branches of the dungeon, and saw 9 of its levels.
You visited the Abyss 1 time.

You collected 377 gold pieces.

Inventory:

Hand Weapons
 a - a +1 mace
 r - a +5 quarterstaff of chaos
 A - the cursed +0 hand axe "Siczuvos" (weapon) {chop, rPois rN+}
   (You found it on level 5 of the Dungeon)

   It inflicts extra damage upon your enemies.
   It protects you from poison.
   It protects you from negative energy.
   It has a curse placed upon it.
Armour
 s - a +0 cloak (worn)
 w - a +0 pair of boots (worn)
Jewellery
 c - a ring of poison resistance (left claw)
 e - an amulet of faith (around neck)
 f - an uncursed ring of wizardry
 i - a ring of protection from magic (right claw)
Wands
 l - a wand of enslavement (15)
 m - a wand of polymorph (26)
 x - a wand of random effects (34)
Scrolls
 d - 3 scrolls of teleportation
 j - a scroll of immolation
 k - 3 scrolls of blinking
 n - 8 scrolls of identify
 q - a scroll of fog
 t - a scroll of fear
 y - a scroll of enchant armour
Potions
 g - 2 potions of curing
 h - a potion of agility {unknown}
 o - 2 potions of lignification {unknown}
 p - 2 potions of magic
 u - a potion of flight
 v - a potion of mutation
 z - a potion of degeneration
Comestibles
 b - 19 rations
 B - a chunk of flesh


   Skills:
 + Level 6.4 Fighting
 + Level 4.7(5.3) Axes
 + Level 3.5(5.5) Maces & Flails
 + Level 4.1(4.8) Staves
 + Level 5.0 Dodging
 + Level 2.4 Stealth
 * Level 4.9 Invocations


You had 7 spell levels left.
You didn't know any spells.
Your spell library contained the following spells:

 Spells                   Type           Power        Failure   Level  Hunger
 Animate Skeleton         Necr           N/A          38%         1    ##.....
 Apportation              Tloc           #.....       38%         1    ##.....
 Confusing Touch          Hex            #.....       38%         1    ##.....
 Summon Small Mammal      Summ           #...         38%         1    ##.....
 Recall                   Summ/Tloc      N/A          77%         3    ####...
 Animate Dead             Necr           N/A          99%         4    #####..
 Borgnjor's Vile Clutch   Necr/Erth      #.........   100%        5    ######.
 Death Channel            Necr           #.........   100%        6    #######
 Simulacrum               Ice/Necr       #.........   100%        6    #######


Dungeon Overview and Level Annotations

Branches:
Dungeon (8/15)             Temple (1/1) D:4
   Lair: D:8-11

Altars:
Ashenzari
Cheibriados
Elyvilon
Gozag
Kikubaaqudgha
Makhleb
Nemelex Xobeh
Okawaru
Qazlal
Ru
Sif Muna
Trog
Uskayaw
Vehumet
Wu Jian
Xom
Yredelemnul
The Shining One

Shops:
D:6 =

Annotations:
Abyss:1 Dowan, Duvessa, Prince Ribbit


Innate Abilities, Weirdness & Mutations

You can spit globs of acid.
You are resistant to acid.
Your golden yellow scales are hard. (AC +6)
You cannot fit into any form of body armour.
You are cold-blooded and may be slowed by cold attacks.
You have sharp fingernails.
You have sharp toenails.
Your body sometimes deteriorates upon taking damage.


Message History

You fly up into the air.
The orc warrior hits you with a hand axe.
* * * LOW HITPOINT WARNING * * *
The orc priest hits you.
* * * LOW HITPOINT WARNING * * *
The iguana misses you.
It was a potion of mutation.
You feel extremely strange.
You feel yourself wasting away.
Your toenails lengthen and sharpen.
Your fingernails lengthen.
The orc priest misses you. The orc warrior closely misses you.
The iguana misses you.
It was a potion of degeneration.
There was something very wrong with that liquid.
You feel weakened.
You feel dopey.
You feel clumsy. The orc priest hits you.
* * * LOW HITPOINT WARNING * * *
The orc warrior hits you with a hand axe.
* * * LOW HITPOINT WARNING * * *
The iguana bites you.
You die...

......# ###
.......###.### #.
_._....#.8.8.# #..
.⌠.....'l.o..#.#..##
_._s...#.8s8.#.....# #
.......###.###...... .
......####'###..##.## .
.....###ls...##..#..###.
....###@o#....##........
#+####.o##..#.(##...####
#..###..##..#...#
#.....#(###.#...#
+....###....'.<.#
#.###.#.....#...# #.
#..###..#...# ##
#..##..##...#
....#..##....#


You could see an orc warrior, a scorpion, an iguana and an orc priest.

Vanquished Creatures
  3 ogres
  2 bullfrogs (D:8)
  A wyvern skeleton (D:7)
  A scorpion (D:4)
  3 wights (D:7)
  A howler monkey (D:7)
  A crimson imp (D:6)
  A centaur skeleton (D:4)
  A bullfrog skeleton (D:6)
  An orc priest (D:7)
  5 hounds
  3 orc wizards (D:7)
  Crazy Yiuf (D:2)
  2 worker ants (D:4)
  5 iguanas
  A worker ant zombie (D:7)
  Robin (D:2)
  11 adders
  A river rat (D:4)
  3 shadow imps
  2 oozes (D:2)
  2 adder zombies
  2 adder skeletons
  2 worms
  4 leopard geckos
  22 orcs
  3 giant cockroaches
  13 goblins
  13 hobgoblins
  7 jackals
  6 kobolds
  3 quokkas
  2 ball pythons
  4 bats
  6 frilled lizards
  A giant cockroach zombie (D:6)
  5 rats
145 creatures vanquished.

Vanquished Creatures (others)
  An ice beast (D:5)
  A phantom (D:5)
2 creatures vanquished.

Grand Total: 147 creatures vanquished

Notes
Turn   | Place    | Note
-------+----------+-------------------------------------------
     0 | Abyss:1  | doot the Draconian Abyssal Knight began the quest for the
                  | Orb.
     0 | Abyss:1  | Reached XP level 1. HP: 19/19 MP: 2/2
    43 | Abyss:1  | Noticed a wight
    61 | Abyss:1  | Noticed a large abomination
    64 | Abyss:1  | Noticed a balrug
    66 | D:1      | Escaped the Abyss
   271 | D:1      | Found a shattered altar of Ashenzari.
   845 | D:2      | Reached XP level 2. HP: 27/27 MP: 3/3
   869 | D:2      | Reached * piety under Lugonu
   995 | D:2      | Reached skill level 4 in Fighting
  1108 | D:2      | Reached XP level 3. HP: 28/33 MP: 4/4
  1136 | D:2      | Noticed Robin
  1173 | D:2      | Killed Robin
  1192 | D:2      | Reached ** piety under Lugonu
  1192 | D:2      | Reached XP level 4. HP: 37/41 MP: 5/5
  1316 | D:2      | Found a runed door.
  2019 | D:2      | Noticed Crazy Yiuf
  2028 | D:2      | Killed Crazy Yiuf
  2028 | D:2      | Reached XP level 5. HP: 24/47 MP: 6/6
  2223 | D:3      | Found a stormy altar of Qazlal.
  2253 | D:3      | Found an opulent altar of Gozag.
  2709 | D:3      | Found a sparkling altar of Nemelex Xobeh.
  2738 | D:3      | Reached skill level 1 in Stealth
  2770 | D:3      | Reached *** piety under Lugonu
  3170 | D:4      | Reached skill level 1 in Staves
  3185 | D:4      | Noticed an ogre
  3422 | D:4      | Reached XP level 6. HP: 55/55 MP: 7/7
  3454 | D:4      | Reached skill level 5 in Fighting
  3623 | D:4      | Found a shattered altar of Ashenzari.
  3760 | D:4      | Found a staircase to the Ecumenical Temple.
  3772 | Temple   | Entered the Ecumenical Temple
  4219 | D:5      | Entered Level 5 of the Dungeon
  4221 | D:5      | Your scales start taking on a golden yellow colour.
  4221 | D:5      | Reached XP level 7. HP: 61/61 MP: 8/8
  4338 | D:5      | Got an iridescent hand axe
  4339 | D:5      | Identified the cursed +0 hand axe "Siczuvos" {chop, rPois
                  | rN+} (You found it on level 5 of the Dungeon)
  4358 | D:5      | Found a burning altar of Makhleb.
  5254 | D:6      | Found Ucumaw's Jewellery Shop.
  5287 | D:6      | Noticed Duvessa
  5407 | D:6      | Reached skill level 1 in Axes
  5764 | D:7      | Noticed Prince Ribbit
  5765 | D:7      | Noticed a hippogriff
  6091 | D:6      | Noticed Dowan
  6093 | D:6      | Reached **** piety under Lugonu
  6093 | D:6      | Banished Duvessa
  6096 | D:6      | Banished Dowan
  6401 | D:7      | Reached XP level 8. HP: 69/70 MP: 10/10
  6831 | D:7      | Reached skill level 6 in Fighting
  7097 | D:7      | Found an ornate altar of the Wu Jian Council.
  7139 | D:7      | Banished Prince Ribbit
  7244 | D:8      | Reached skill level 5 in Dodging
  7419 | D:8      | Found a white marble altar of Elyvilon.
  7419 | D:8      | Found a snail-covered altar of Cheibriados.
  7420 | D:8      | Found an iron altar of Okawaru.
  7420 | D:8      | Found a stormy altar of Qazlal.
  7446 | D:8      | Gained mutation: Your body sometimes deteriorates upon
                  | taking damage. [potion of mutation]
  7446 | D:8      | Gained mutation: You have sharp toenails. [potion of
                  | mutation]
  7446 | D:8      | Gained mutation: You have sharp fingernails. [potion of
                  | mutation]
  7447 | D:8      | Slain by an iguana

Skill      XL: |  1  2  3  4  5  6  7  8 |
---------------+-------------------------+-----
Fighting       | 4 5 6 |  6.4
Maces & Flails | 3 |  3.5
Dodging        | 3 5 |  5.0
Stealth        | 1 2 |  2.4
Staves         | 2 3 4 |  4.1
Axes           | 2 4 |  4.7
Invocations    | 3 4 |  4.9

Action                   |  1- 3 |  4- 6 |  7- 9 || total
-------------------------+-------+-------+-------++-------
Melee: Mace              |    70 |    53 |       ||   123
       Tailslap          |     5 |     9 |    35 ||    49
       Quarterstaff      |       |   112 |     1 ||   113
       Hand axe          |       |       |   284 ||   284
Invok: Depart the Abyss  |     1 |       |       ||     1
       Banish            |       |       |     5 ||     5
       Bend Space        |       |       |     1 ||     1
 Abil: Breathe Acid      |       |       |    11 ||    11
  Use: Scroll            |       |       |    11 ||    11
       Potion            |       |       |     5 ||     5
 Stab: Sleeping          |       |     5 |     2 ||     7
       Paralysed         |       |     1 |       ||     1
  Eat: Chunk             |     1 |     9 |    14 ||    24
Armor: Skin              |    23 |    31 |    92 ||   146
Dodge: Dodged            |    53 |    91 |   225 ||   369
